 Dungeon Crawl Stone Soup version 0.31-a0-986-g5e6e4ef867 (webtiles) character file.

Game seed: 8347534351151822806

1603947 Forgeling the Slayer (level 27, 188/188 HPs)
             Began as an Octopode Hedge Wizard on Nov 12, 2023.
             Was a High Priest of Cheibriados.
             Escaped with the Orb
             ... and 3 runes!
             The game lasted 04:56:28 (79112 turns).

Forgeling the Slayer (Octopode Hedge Wizard)       Turns: 79112, Time: 04:56:28

Health: 188/188    AC: 15    Str: 16    XL:     27
Magic:  49/49      EV: 33    Int: 53    God:    Cheibriados [*****.]
Gold:   3924       SH: 19    Dex: 38    Spells: 8/70 levels left

rFire   + + +        a - +7 hand cannon "Mule" {flame, backblast, rF+}
rCold   + + .        c - +2 shield of Resistance {rF++ rC++ Will++}
rNeg    + + +        m - +2 hat
rPois   +            b - necklace of Bloodlust {Fury *Rage Will++ Int-3 Slay+6}
rElec   +            o - ring "Zinosucw" {Fly rF+ rC- Dex+6}
rCorr   +            L - ring "Joicsipem" {rPois rC+ Will+ Int-5 Dex+5}
SInv    +            x - ring "Fete" {rF- rN+++ rCorr Int+4 SInv}
Will    +++++        p - +4 ring of protection
Stlth   +++          r - +6 ring of intelligence
HPRegen 0.51/turn    k - ring of Xom's Whim {Wiz rElec Str-5 Int+5 Dex+2}
MPRegen 0.31/turn    W - ring of Freedom {rElec Will+ Int+6 Slay+2}
                     g - ring of the Tortoise {AC+8}

%: clarity, wizardry (x1)
@: flying, studying 2 skills, very slow
A: almost no armour, amphibious, 8 rings, camouflage 1, gelatinous body 1,
(nimble swimmer 1), tentacles, clarity, frail 1, screaming 2, weak 2
0: Orb of Zot
}: 3/15 runes: decaying, serpentine, silver
a: Renounce Religion, Bend Time, Temporal Distortion, Slouch, Step From Time


You escaped.
You worshipped Cheibriados.
Cheibriados was extremely pleased with you.
You visited 10 branches of the dungeon, and saw 50 of its levels.
You visited 1 ziggurat, and saw 4 of its levels.
You also visited: Trove, Sewer, Bailey and Ice Cave.

You collected 9853 gold pieces.
You spent 5929 gold pieces at shops.

Inventory:

Hand Weapons
 a - the +7 hand cannon "Mule" (weapon) {flame, backblast, rF+}
   (You found it on level 3 of the Elven Halls)

   rF+:       It protects you from fire.
 G - a +8 longbow of flaming
Missiles
 z - 6 curare-tipped darts
Armour
 c - the +2 shield of Resistance (worn) {rF++ rC++ Will++}
   (You bought it in a shop on level 8 of the Dungeon)

   rF++:      It greatly protects you from fire.
   rC++:      It greatly protects you from cold.
   Will++:    It greatly increases your willpower.
 m - a +2 hat (worn)
Jewellery
 b - the necklace of Bloodlust (around mantle) {Fury *Rage Will++ Int-3 Slay+6}
   (You bought it in a shop on level 1 of the Vaults)

   [amulet of nothing]

   Fury:      It extends the wearer's berserk rage when killing foes.
   Int-3:     It affects your intelligence (-3).
   Slay+6:    It affects your accuracy & damage with ranged weapons and melee
   (+6).
   Will++:    It greatly increases your willpower.
   *Rage:     It berserks you when you make melee attacks (+50% chance).
 f - the ring of the Fortune-Teller {rF+ rC+ Will+ Str+3 Dex+3}
   (You found it in a treasure trove)

   [ring of protection from fire]

   Str+3:     It affects your strength (+3).
   Dex+3:     It affects your dexterity (+3).
   rF+:       It protects you from fire.
   rC+:       It protects you from cold.
   Will+:     It increases your willpower.
 g - the ring of the Tortoise (on tentacle) {AC+8}
   (You took it off a yaktaur captain on level 5 of the Vaults)

   [ring of protection]

   AC+8:      It affects your AC (+8).
 j - the ring of Diem {MP+9 Int+4}
   (You found it in a treasure trove)

   [ring of magical power]

   Int+4:     It affects your intelligence (+4).
   MP+9:      It affects your magic capacity (+9).
 k - the ring of Xom's Whim (on tentacle) {Wiz rElec Str-5 Int+5 Dex+2}
   (You acquired it on level 11 of the Dungeon)

   [ring of wizardry]

   Wiz:       It improves your spell success rate.
   Str-5:     It affects your strength (-5).
   Int+5:     It affects your intelligence (+5).
   Dex+2:     It affects your dexterity (+2).
   rElec:     It insulates you from electricity.
 o - the ring "Zinosucw" (left tentacle) {Fly rF+ rC- Dex+6}
   (You took it off a deep elf demonologist on level 3 of the Elven Halls)

   [ring of dexterity]

   Dex+6:     It affects your dexterity (+6).
   rF+:       It protects you from fire.
   rC-:       It makes you vulnerable to cold.
   Fly:       It grants you flight.
 p - a +4 ring of protection (on tentacle)
 r - a +6 ring of intelligence (on tentacle)
 s - the ring "Huistrer" {+Blink EV+5 Str+3 Int-4 Dex+3}
   (You found it in a treasure trove)

   [ring of evasion]

   EV+5:      It affects your evasion (+5).
   Str+3:     It affects your strength (+3).
   Int-4:     It affects your intelligence (-4).
   Dex+3:     It affects your dexterity (+3).
   +Blink:    It lets you blink.
 x - the ring "Fete" (on tentacle) {rF- rN+++ rCorr Int+4 SInv}
   (You bought it in a shop on level 1 of the Vaults)

   [ring of see invisible]

   Int+4:     It affects your intelligence (+4).
   rF-:       It makes you vulnerable to fire.
   rN+++:     It renders you almost immune to negative energy.
   SInv:      It lets you see invisible.
   rCorr:     It protects you from acid and corrosion.
 L - the ring "Joicsipem" (right tentacle) {rPois rC+ Will+ Int-5 Dex+5}
   (You took it off a deep elf zephyrmancer on level 3 of the Elven Halls)

   [ring of protection from cold]

   Int-5:     It affects your intelligence (-5).
   Dex+5:     It affects your dexterity (+5).
   rC+:       It protects you from cold.
   rPois:     It protects you from poison Will+: It increases your willpower.
 W - the ring of Freedom (on tentacle) {rElec Will+ Int+6 Slay+2}
   (You found it in a treasure trove)

   [ring of willpower]

   Int+6:     It affects your intelligence (+6).
   Slay+2:    It affects your accuracy & damage with ranged weapons and melee
   (+2).
   rElec:     It insulates you from electricity.
   Will+:     It increases your willpower.
Wands
 d - a wand of digging (12)
 e - a wand of charming (56)
 h - a wand of acid (18)
 i - a wand of iceblast (85)
 y - a wand of mindburst (25)
Scrolls
 l - 6 scrolls of enchant weapon
 u - 5 scrolls of brand weapon
 v - 3 scrolls of amnesia
 E - 10 scrolls of fear
 K - 5 scrolls of immolation
 O - 7 scrolls of silence
 P - 7 scrolls of poison
 V - 7 scrolls of vulnerability
 X - a scroll of revelation {@r4}
 Y - 3 scrolls of teleportation {@r3}
Potions
 n - 10 potions of enlightenment
 A - 10 potions of attraction
 B - 2 potions of brilliance
 C - 2 potions of cancellation
 I - 3 potions of invisibility
 J - 18 potions of curing {@q1}
 M - 3 potions of might
 N - 4 potions of heal wounds {@q2}
 Q - 3 potions of magic
 R - 5 potions of resistance
 T - 4 potions of berserk rage
 U - 10 potions of mutation


   Skills:
 + Level 22.4 Fighting
 - Level 20.0 Ranged Weapons
 - Level 14.7 Dodging
 - Level 19.1 Stealth
 - Level 12.2 Shields
 - Level 22.0 Spellcasting
 - Level 4.6 Conjurations
 - Level 8.0 Hexes
 - Level 13.0 Summonings
 - Level 10.0 Translocations
 - Level 4.4 Transmutations
 - Level 13.9 Air Magic
 - Level 10.0 Poison Magic
 - Level 15.0 Invocations
 - Level 10.0 Evocations


You had 8 spell levels left.
You knew the following spells:

 Your Spells              Type           Power      Damage    Failure   Level
a - Summon Forest         Summ/Tloc      55%        N/A       1%          5
e - Enfeeble              Hex            48%        N/A       5%          7
f - Dimensional Bullseye  Hex/Tloc       50%        N/A       1%          4
j - Monstrous Menagerie   Summ           57%        N/A       1%          7
p - Dispersal             Tloc           52%        N/A       1%          6
q - Maxwell's Capacitive  Air            58%        ∞         3%          8
u - Yara's Violent Unrav  Hex/Tmut       45%        3d18      1%          5
v - Eringya's Noxious Bo  Tmut/Pois      47%        4d6       1%          6
y - Irradiate             Conj/Tmut      41%        3d25      1%          5
B - Blink                 Tloc           100%       N/A       0%          2
D - Malign Gateway        Summ/Tloc      55%        N/A       1%          7

Your spell library contained the following spells:

 Spells                   Type           Power      Damage    Failure   Level
 Apportation              Tloc           100%       N/A       0%          1
 Shock                    Conj/Air       100%       1d9       0%          1
 Slow                     Hex            100%       N/A       0%          1
 Sting                    Tmut/Pois      100%       1d8       0%          1
 Call Imp                 Summ           100%       N/A       0%          2
 Cigotuvi's Dreadful Rot  Necr/Pois/Air  100%       N/A       0%          2
 Jinxbite                 Hex            100%       N/A       0%          2
 Lesser Beckoning         Tloc           100%       N/A       0%          2
 Poisonous Vapours        Pois/Air       100%       N/A       0%          2
 Static Discharge         Conj/Air       100%       3-8/arc   0%          2
 Call Canine Familiar     Summ           100%       N/A       0%          3
 Gell's Gravitas          Tloc           100%       N/A       0%          3
 Swiftness                Air            100%       N/A       0%          3
 Teleport Other           Tloc           100%       N/A       0%          3
 Airstrike                Air            58%        2d(9-25)  0%          4
 Summon Lightning Spire   Summ/Air       100%       N/A       0%          4
 Foxfire                  Conj/Fire      100%       2x1d9     1%          1
 Freeze                   Ice            100%       1d10      1%          1
 Magic Dart               Conj           100%       1d8       1%          1
 Ensorcelled Hibernation  Hex/Ice        100%       N/A       1%          2
 Momentum Strike          Conj/Tloc      100%       3d10      1%          2
 Passwall                 Tmut/Erth      57%        N/A       1%          2
 Wereblood                Tmut           81%        N/A       1%          2
 Dazzling Flash           Conj/Hex       100%       N/A       1%          3
 Frozen Ramparts          Ice            100%       1d16      1%          3
 Hailstorm                Conj/Ice       70%        3d15      1%          3
 Ignite Poison            Fire/Tmut/Pois 83%        N/A       1%          3
 Inner Flame              Hex/Fire       79%        N/A       1%          3
 Mephitic Cloud           Conj/Pois/Air  100%       N/A       1%          3
 Sigil of Binding         Hex            97%        N/A       1%          3
 Tukima's Dance           Hex            97%        N/A       1%          3
 Volatile Blastmotes      Fire/Tloc      100%       2d18      1%          3
 Brom's Barrelling Bould  Conj/Erth      70%        2d8       1%          4
 Dispel Undead            Necr           55%        3d20      1%          4
 Flame Wave               Conj/Fire      70%        2d16      1%          4
 Fulminant Prism          Conj/Hex       45%        3d21      1%          4
 Iskenderun's Mystic Bla  Conj/Tloc      94%        2d18      1%          4
 Leda's Liquefaction      Hex/Erth       39%        N/A       1%          4
 Manifold Assault         Tloc           100%       N/A       1%          4
 Olgreb's Toxic Radiance  Pois           100%       N/A       1%          4
 Sticky Flame             Conj/Fire      70%        2d8       1%          4
 Summon Ice Beast         Ice/Summ       91%        N/A       1%          4
 Vhi's Electric Charge    Tloc/Air       100%       N/A       1%          4
 Alistair's Intoxication  Tmut/Pois      62%        N/A       1%          5
 Arcjolt                  Conj/Air       51%        1d61      1%          5
 Freezing Cloud           Conj/Ice/Air   44%        6-21      1%          5
 Silence                  Hex/Air        54%        N/A       1%          5
 Summon Mana Viper        Hex/Summ       100%       N/A       1%          5
 Plasma Beam              Fire/Air       46%        2x1d61    1%          6
 Summon Cactus Giant      Summ           57%        N/A       1%          6
 Summon Hydra             Summ           57%        N/A       1%          7
 Summon Horrible Things   Summ           57%        N/A       5%          8
 Starburst                Conj/Fire      35%        6d10      10%         6
 Disjunction              Tloc           52%        N/A       17%         8
 Simulacrum               Ice/Necr       27%        N/A       24%         6
 Discord                  Hex            48%        N/A       36%         8
 Ozocubu's Refrigeration  Ice            27%        4d13      77%         7
 Ignition                 Fire           27%        3d9       100%        8
 Chain Lightning          Conj/Air       51%        3d68      97%         9
 Fire Storm               Conj/Fire      35%        8d9       100%        9
 Polar Vortex             Ice            27%        12d3*     100%        9
 Shatter                  Erth           27%        3d23*     100%        9
 Animate Armour           Summ/Erth      Unusable   N/A       N/A         4

Dungeon Overview and Level Annotations

Branches:
Dungeon (15/15)            Temple (0/1) D:5            Lair (5/5) D:9
  Swamp (4/4) Lair:2        Snake (4/4) Lair:2        Slime (0/5) Lair:5
    Orc (2/2) D:12            Elf (3/3) Orc:2        Vaults (5/5) D:13
  Crypt (3/3) Vaults:3       Tomb (0/3) Crypt:3      Depths (4/4) D:15
    Zot (5/5) Depths:4      Sewer (visited)          Bailey (visited)
  IceCv (visited)

Altars:
Cheibriados
Hepliaklqana
Kikubaaqudgha
Makhleb
Nemelex Xobeh
Okawaru
Ru
Trog
Uskayaw
Vehumet
Xom
Yredelemnul
The Shining One
Jiyva

Shops:
D:4 (   D:8 [   D:9 ?   D:14 *   D:15 *   Orc:2 [(:   Snake:3 *   Vaults:1 =
Vaults:2 (:   Vaults:4 *   Depths:1 :

Portals:
Hell: Depths:1 Depths:2 Depths:3 Depths:4
Abyss: D:6 Depths:3
Pandemonium: Depths:2 Depths:3

Annotations:
Swamp:2 Etwad's ghost, journeyman FeSu
Zot:3 2 transporters, Zeaxzic Paph's ghost, veteran OgBe


Innate Abilities, Weirdness & Mutations

You cannot wear most types of armour.
You are amphibious.
You can wear up to eight rings at the same time.
Your skin changes colour to match your surroundings (Stealth+).
Your rubbery body absorbs attacks. (AC +1, EV +1)
((You are camouflaged when in or above water. (Stealth+)))
You have tentacles for arms and can constrict up to eight enemies at once.
You possess an exceptional clarity of mind.
You are frail. (-10% HP)
You frequently scream uncontrollably at your foes.
You are very weak. (Str -4)


Message History

What level of the Dungeon? (default 1, ? - help)
You fly upwards.
There is a stone staircase leading down here.
HP restored.
A profane servitor comes into view.
It is wielding a +2 whip of electrocution.
There is a stone staircase leading up here.
Unknown command.
You fly upwards.
There is a stone staircase leading down here.
What level of the Dungeon? (default 1, ? - help)
There is a stone staircase leading up here.
You fly upwards.
There is a stone staircase leading down here.
A Brimstone Fiend comes into view.
Casting: Summon Forest (safe; 1% risk of failure)
Confirm with . or Enter, or press ? or * to list all spells.
You begin accumulating electric charge. (Press . to continue charging.)
You feel charge building up...
You feel charge building up...
You feel charge building up...
The electricity discharges through the Brimstone Fiend!!!!
The Brimstone Fiend vaporises in an electric haze!
You kill the Brimstone Fiend!
Cheibriados appreciates the change of pace.
What level of the Dungeon? (default 1, ? - help)
There is a stone staircase leading up here.
You fly upwards.
There is a stone staircase leading down here.
Magic restored.
There is a stone staircase leading up here.
You fly upwards.
There is a stone staircase leading down here.
Aiming: Dig
Press: ? - help, Shift-Dir - straight line A rock wall.
This square is covered in magical glow.
The rock shatters into small pieces.
There is a staircase leading out of the dungeon here.
You have escaped!

####.################...#
##.#..
...#.#..................##
#.#..
##.#.#.##############....#
#.#.. #...#.#
####.....##....# #.#..
#####..# ##.....⌠..##....#
#.#..
....>..###.........###.###
#.#..
.#####..#....#......#..#
#.#.. ..#
#.....###.........# #.#..
..# ###..## #..@..#...#
#.#.. ..#
##..###.........# #.##.
..# #....#......#..# #....
..#
##.........###.##########
..#####
##.....⌠..#.............
......#
####.....#.############
...##.# #######....#
.#.##.# #.##.# .#.##.#
#.##.#


There were no monsters in sight!

Vanquished Creatures
  A seraph (Depths:1)
  6 dread liches
  Tiamat (Zot:5)
  10 orbs of fire (Zot:5)
  2 ancient liches
  Mara (Depths:1)
  A royal mummy (Depths:3)
  2 Killer Klowns (Zot:5)
  Boris (Crypt:2)
  Saint Roka (Elf:2)
  2 caustic shrikes (Depths:2)
  Jory (Crypt:1)
  10 golden dragons
  A profane servitor (Crypt:3)
  Nikola (Depths:1)
  2 doom hounds (Crypt:3)
  Norris (Vaults:4)
  2 bone dragons
  A Brimstone Fiend (D:3)
  2 electric golems (Zot:5)
  2 pandemonium lords
  A hellephant (D:10)
  Rupert (D:13)
  11 tentacled monstrosities
  A Hell Sentinel (Zot:4)
  A walking divine tome (Depths:4)
  A deep elf blademaster (Elf:3)
  Asterion (Elf:2)
  8 liches
  A walking earthen tome (Depths:2)
  27 Orb Guardians
  Grunn (Crypt:3)
  8 quicksilver dragons
  2 deep elf master archers (Elf:3)
  A titan (Vaults:5)
  8 sphinxes
  An acid blob (Zig:1)
  10 death cobs
  2 ancient champions
  9 shadow dragons
  A tentacled starspawn (Zig:4)
  Frances (Snake:1)
  2 thorn hunters
  7 tengu reavers
  Agnes (Elf:1)
  15 storm dragons
  4 draconian monks
  A revenant (Crypt:3)
  14 fire giants
  9 nagarajas
  A fenstrider witch (Swamp:1)
  6 draconian knights
  8 frost giants
  An iron dragon (Depths:3)
  8 draconian shifters
  4 draconian scorchers
  2 ghost moths
  15 vault wardens
  4 deep elf sorcerers
  2 balrugs
  3 curse skulls
  2 deep elf elementalists (Elf:3)
  3 orc warlords
  7 draconian annihilators
  27 ironbound preservers
  7 draconian stormcallers
  11 very ugly things
  2 war gargoyles
  3 formless jellyfish (Vaults:4)
  A ghoul (Crypt:3)
  18 stone giants
  2 eleionomae
  13 ironbound thunderhulks
  5 deep elf demonologists (Elf:3)
  19 black draconians
  21 dire elephants
  7 bunyips
  9 green draconians
  A lorocyproca (Zot:2)
  13 purple draconians
  4 spark wasps (Depths:2)
  6 deep elf annihilators
  5 vampire knights
  5 red draconians
  9 white draconians
  9 yellow draconians
  A blizzard demon (Depths:2)
  A crystal guardian (Vaults:4)
  2 eidola
  9 fire dragons
  13 jiangshi
  22 yaktaur captains
  18 ettins
  4 deep elf death magi
  5 mummy priests (Depths:3)
  Josephine (D:14)
  A shambling mangrove (Swamp:4)
  A spectral fenstrider witch (Crypt:3)
  33 vault guards
  A spriggan zombie (Crypt:2)
  A deep elf high priest (Elf:3)
  9 great orbs of eyes
  Harold (D:10)
  A hell beast (D:14)
  A peacekeeper (Vaults:4)
  5 rakshasas
  12 ironbound frosthearts
  6 anacondas
  A catoblepas (Lair:5)
  4 ice dragons
  A salamander tyrant (Snake:4)
  8 centaur warriors
  3 ghost crabs
  2 ogre magi
  10 boulder beetles
  17 hydras
  Erica (D:8)
  2 spriggan air magi
  2 death knights (Crypt:3)
  10 two-headed ogres
  9 deep troll earth magi
  17 alligators
  5 vampire magi
  19 dancing weapons
  5 orc high priests
  Urug (Lair:4)
  5 deep troll shamans
  7 naga warriors
  A hell hog (Depths:3)
  20 death yaks
  A spriggan berserker (Depths:4)
  An occultist (Depths:2)
  A spectral naga (Crypt:3)
  10 deep elf knights
  7 sun demons
  8 shock serpents
  13 tengu warriors
  4 soul eaters
  3 large abominations (Crypt:3)
  13 naga sharpshooters
  A titan skeleton (Vaults:5)
  8 salamander mystics
  Amaemon (D:8)
  16 hell knights
  25 skeletal warriors
  The ghost of voltaire321 the Sneak, a novice KoEn of Wu Jian (D:8)
  A bunyip zombie (Crypt:2)
  2 skysharks (Vaults:4)
  A sixfirhy (Depths:3)
  A skyshark (shapeshifter) (Vaults:5)
  Lodul (D:14)
  9 goliath frogs
  4 shadow wraiths
  A fire crab (shapeshifter) (Vaults:5)
  13 iron trolls
  13 swamp dragons
  3 spriggan druids
  6 flayed ghosts
  11 deep elf archers
  6 sea snakes (Snake:3)
  76 deep trolls
  A golden dragon zombie (Crypt:1)
  An orb spider (shapeshifter) (Depths:2)
  7 arcanists
  5 glowing orange brains
  An anaconda zombie (Crypt:2)
  3 bog bodies
  7 naga ritualists
  13 ironbound convokers
  14 lindwurms
  14 phantasmal warriors
  7 necromancers
  A shadow dragon zombie (Crypt:1)
  23 deep elf pyromancers
  16 orc knights
  3 steelbarb worms (Swamp:4)
  15 mana vipers
  22 deep elf zephyrmancers
  A harpy (shapeshifter) (D:15)
  5 harpies
  A spectral ettin (Crypt:3)
  9 orc sorcerers
  2 human zombies (Vaults:5)
  7 will-o-the-wisps
  3 cyclopes
  A goliath frog skeleton (Crypt:2)
  A manticore (D:14)
  A shining eye (shapeshifter) (Vaults:5)
  34 ugly things
  28 moths of wrath
  17 elephants
  11 salamanders
  A frost giant skeleton (Crypt:1)
  An iron dragon skeleton (Crypt:1)
  A naga zombie (Crypt:3)
  34 black mambas
  An eye of devastation (Depths:1)
  A torpor snail (Lair:1)
  3 smoke demons (Depths:3)
  13 naga magi
  A guardian serpent (Snake:4)
  19 vault sentinels
  14 cane toads
  An eye of devastation (shapeshifter) (Depths:3)
  Maggie (D:7)
  Jeremiah (D:8)
  36 yaktaurs
  2 unseen horrors
  A komodo dragon (shapeshifter) (Depths:3)
  A black draconian zombie (Crypt:2)
  4 rime drakes
  6 freezing wraiths
  3 tengu conjurers
  A tormentor (Depths:3)
  5 komodo dragons
  An ancient zyme (Zig:4)
  2 guardian mummies (Depths:3)
  A red devil (Zig:2)
  An anaconda simulacrum (IceCv)
  A polar bear (Lair:5)
  5 trolls
  11 hornets
  A wind drake (shapeshifter) (D:15)
  An ettin zombie (Crypt:2)
  3 glass eyes
  14 tyrant leeches
  A culicivora zombie (Crypt:2)
  11 blink frogs
  A human simulacrum (Vaults:5)
  7 dream sheep
  A meliai zombie (Crypt:1)
  A jumping spider (shapeshifter) (D:12)
  5 shadows
  66 flying skulls
  13 slime creatures
  13 spriggans
  9 wraiths
  3 air elementals
  A spriggan (shapeshifter) (Vaults:5)
  5 wyverns
  3 fire elementals
  3 basilisks
  3 humans (D:13)
  A yak (shapeshifter) (Vaults:5)
  44 yaks
  3 water elementals
  6 starcursed masses (Zig:4)
  5 steam dragons
  A death yak simulacrum (IceCv)
  A redback (shapeshifter) (Vaults:5)
  8 redbacks (D:12)
  A neqoxec (Zig:4)
  2 small abominations
  Menkaure (D:5)
  17 vampire mosquitoes
  2 wargs
  An acid dragon (D:12)
  37 nagas
  15 swamp worms
  14 water moccasins
  Duvessa (D:5)
  The ghost of senf the Sneak, an amateur VSBr (D:5)
  5 hell hounds
  2 sky beasts
  Pargi (Sewer)
  A cane toad zombie (Crypt:1)
  8 swamp drakes
  An ice beast (D:6)
  5 black bears
  A swamp drake (shapeshifter) (Vaults:5)
  44 orc warriors
  An ice beast (shapeshifter) (D:13)
  22 ogres
  A centaur (shapeshifter) (Elf:1)
  13 wolves
  3 boggarts (Vaults:4)
  A blink frog skeleton (Crypt:2)
  6 centaurs
  A phantom (D:6)
  8 kobold brigands
  2 gnoll sergeants
  An elf skeleton (Crypt:1)
  4 necrophages (Crypt:3)
  12 bullfrogs
  A cane toad simulacrum (IceCv)
  A scorpion (D:5)
  2 earth elementals
  Dowan (D:5)
  A water moccasin skeleton (Crypt:2)
  4 killer bees
  6 electric eels
  A howler monkey (D:6)
  A quasit (D:7)
  A hound (D:5)
  An iron imp (D:6)
  24 orc priests
  A gnoll bouda (D:9)
  4 iguanas
  A boggart zombie (Crypt:2)
  17 orc wizards
  An acid dragon skeleton (Crypt:2)
  A boggart simulacrum (D:15)
  25 gnolls
  15 adders
  A swamp drake skeleton (Crypt:1)
  2 shadow imps
  3 white imps
  3 ufetubi
  87 orcs
  5 bats
  4 endoplasms
  6 giant cockroaches
  8 goblins
  3 hobgoblins
  24 kobolds
  9 quokkas
  A training dummy (D:4)
  9 ball pythons
  8 frilled lizards
  4 rats
  A spectral weapon (Depths:1)
  A starspawn tentacle (Zig:4)
2227 creatures vanquished.

Vanquished Creatures (collateral kills)
  A pandemonium lord (D:14)
  Vashnia (Snake:4)
  A royal mummy (Depths:3)
  A hellephant (D:14)
  2 tentacled monstrosities
  An Orb Guardian (D:14)
  A deep elf blademaster (Elf:3)
  A death cob (Zot:4)
  A tengu reaver (Vaults:5)
  A shadow dragon (Vaults:5)
  A draconian monk (Zot:3)
  A fire giant (Vaults:5)
  A fenstrider witch (Swamp:2)
  2 deep elf sorcerers (Elf:3)
  4 nagarajas
  A draconian scorcher (Zot:5)
  A draconian shifter (Zot:5)
  2 vault wardens
  2 ironbound preservers (Vaults:3)
  A formless jellyfish (Vaults:3)
  5 very ugly things
  A stone giant (Depths:1)
  2 deep elf annihilators (Elf:3)
  A deep elf demonologist (Elf:3)
  A red draconian (Zot:3)
  3 purple draconians
  A white draconian (Zot:4)
  Azrael (Elf:2)
  2 yellow draconians (Zot:4)
  An eidolon (Crypt:1)
  A deep elf death mage (Elf:3)
  A shambling mangrove (Swamp:4)
  A salamander tyrant (Snake:4)
  A great orb of eyes (Swamp:2)
  4 dancing weapons (Elf:2)
  3 naga warriors (Snake:4)
  A naga sharpshooter (Snake:4)
  A hell knight (Vaults:5)
  A deep elf knight (Elf:2)
  A sixfirhy (D:14)
  A sun demon (D:6)
  A skeletal warrior (Crypt:1)
  A spriggan druid (Swamp:3)
  2 deep trolls (Vaults:3)
  A naga ritualist (Snake:2)
  3 phantasmal warriors
  2 steelbarb worms (Swamp:4)
  An orc knight (Orc:2)
  An orc sorcerer (Orc:2)
  A mana viper (Snake:2)
  2 deep elf pyromancers (Elf:2)
  3 necromancers (Vaults:5)
  2 salamanders
  A toenail golem (D:6)
  2 ugly things (D:15)
  6 black mambas
  2 vault sentinels
  The ghost of kaesle the Trooper, a novice HOFi (D:6)
  An orange demon (D:8)
  A gargoyle (D:13)
  A rust devil (D:14)
  A naga mage (Snake:4)
  2 yaktaurs (Vaults:1)
  2 tyrant leeches (Swamp:4)
  A slime creature (Vaults:3)
  A spriggan (Swamp:3)
  2 wraiths (D:14)
  A nameless horror (Snake:3)
  4 starcursed masses (Zig:4)
  A death yak simulacrum (IceCv)
  2 fire elementals (Elf:2)
  2 vampire mosquitoes (Swamp:2)
  3 nagas (Snake:4)
  2 swamp worms
  2 hell hounds (Elf:2)
  An orc warrior (Orc:2)
  A swamp drake (Swamp:4)
  A gnoll sergeant (D:6)
  2 killer bees (D:8)
  An adder (D:5)
  An orc (D:6)
  A goblin (D:4)
  A quokka (D:4)
  A starspawn tentacle (Zig:4)
132 creatures vanquished.

Vanquished Creatures (others)
  12 eldritch tentacles
  A draconian annihilator (Zot:3)
  A green draconian (Zot:5)
  A salamander tyrant (Snake:4)
  A bloated husk (Swamp:3)
  A yak (D:8)
  A chaos spawn (Zig:2)
  A jelly (D:6)
  15 foxfires
  4 snaplasher vines
  4 starspawn tentacles (Zig:4)
42 creatures vanquished.

Grand Total: 2401 creatures vanquished

Notes
Turn   | Place    | Note
-------+----------+-------------------------------------------
     0 | D:1      | Forgeling the Octopode Hedge Wizard began the quest for the
                  | Orb.
     0 | D:1      | Reached XP level 1. HP: 11/11 MP: 4/4
   369 | D:1      | Reached XP level 2. HP: 17/17 MP: 6/6
   912 | D:1      | Learned a level 2 spell: Call Imp
   915 | D:1      | Learned a level 2 spell: Blink
   918 | D:1      | Learned a level 2 spell: Cigotuvi's Dreadful Rot
   969 | D:2      | Reached XP level 3. HP: 21/21 MP: 7/7
  1120 | D:2      | Reached XP level 4. HP: 19/27 MP: 7/9
  1637 | D:3      | Found a glowing drain.
  1663 | D:3      | Learned a level 3 spell: Mephitic Cloud
  1664 | Sewer    | Entered a sewer
  1684 | Sewer    | Noticed Pargi
  1918 | Sewer    | Killed Pargi
  1919 | Sewer    | Reached skill level 5 in Spellcasting
  1919 | Sewer    | Reached skill level 1 in Fighting
  1919 | Sewer    | Reached XP level 5. HP: 33/33 MP: 7/12
  2121 | D:3      | Identified the +2 orcbow of Cowardice {heavy, rElec rC+
                  | Will++ Int-2}
  2414 | D:3      | Found a faded altar of an unknown god.
  2508 | D:3      | Prayed at the altar of an unknown god.
  2508 | D:3      | Became a worshipper of Cheibriados the Contemplative
  2508 | D:3      | Reached * piety under Cheibriados
  2648 | D:3      | Reached skill level 1 in Poison Magic
  2648 | D:3      | Reached XP level 6. HP: 15/38 MP: 5/13
  3387 | D:4      | Found Isow's Firing Range.
  3527 | D:4      | Reached ** piety under Cheibriados
  3529 | D:4      | Found a shimmering altar of Xom.
  3619 | D:4      | Reached XP level 7. HP: 43/43 MP: 14/14
  3889 | D:5      | Entered Level 5 of the Dungeon
  3889 | D:5      | Noticed Menkaure
  3889 | D:5      | Noticed Duvessa
  3889 | D:5      | Noticed Dowan
  3957 | D:5      | Killed Menkaure
  4320 | D:5      | Found a runed translucent door.
  4498 | D:5      | Noticed senf's ghost (amateur VSBr)
  4551 | D:5      | Found a staircase to the Ecumenical Temple.
  4857 | D:5      | Killed senf's ghost
  4858 | D:5      | Reached skill level 5 in Ranged Weapons
  4858 | D:5      | Reached XP level 8. HP: 35/48 MP: 11/15
  5254 | D:6      | Noticed a toenail golem
  5343 | D:6      | Found a one-way gate to the infinite horrors of the Abyss.
  5343 | D:6      | Noticed kaesle's ghost (novice HOFi)
  5417 | D:6      | Found a transporter.
  5556 | D:6      | Found a transporter.
  5570 | D:6      | Found a radiant altar of Vehumet.
  5614 | D:6      | Reached *** piety under Cheibriados
  6079 | D:7      | Found a glowing golden altar of the Shining One.
  6132 | D:7      | Found a burning altar of Makhleb.
  6132 | D:7      | Found a sacrificial altar of Ru.
  6137 | D:7      | Found an iron altar of Okawaru.
  6201 | D:7      | Reached XP level 9. HP: 21/53 MP: 7/16
  6607 | D:7      | Reached **** piety under Cheibriados
  6706 | D:7      | Noticed Maggie
  7106 | D:8      | Noticed Jeremiah
  7156 | D:8      | Noticed Erica
  7163 | D:8      | Killed Erica
  7171 | D:8      | Reached skill level 10 in Stealth
  7274 | D:8      | Noticed Amaemon
  7427 | D:8      | Noticed an orange demon
  7465 | D:8      | Found a large runed translucent door.
  7465 | D:8      | Found a large runed translucent door.
  7565 | D:8      | Noticed voltaire321's ghost (novice KoEn)
  7791 | D:8      | Noticed a two-headed ogre
  7803 | D:9      | Identified the +5 chain mail "Eriusiy" {+Blink rCorr Str-5
                  | Dex-2}
  8086 | D:8      | Found Postit's Antique Armour Emporium.
  8204 | D:8      | Reached XP level 10. HP: 59/59 MP: 17/17
  8210 | D:8      | Killed an orange demon
  8211 | D:8      | Reached skill level 10 in Ranged Weapons
  8381 | D:4      | Bought a +3 longbow for 329 gold pieces
  8443 | D:5      | Killed Duvessa
  8444 | D:5      | Killed Dowan
  8640 | D:8      | Killed voltaire321's ghost
  8837 | D:9      | Found Vioris's Magic Scroll Shop.
  8854 | D:8      | Reached ***** piety under Cheibriados
  9058 | D:9      | Reached skill level 1 in Invocations
  9143 | D:9      | Bought a scroll of vulnerability for 52 gold pieces
  9143 | D:9      | Bought a scroll of identify for 26 gold pieces
  9157 | D:9      | Found a staircase to the Lair.
  9643 | D:9      | Reached XP level 11. HP: 63/63 MP: 18/18
  9652 | D:9      | Noticed a three-headed hydra
  9668 | D:9      | Killed a three-headed hydra
  9845 | D:9      | Bought 3 scrolls of identify for 78 gold pieces
  9851 | D:10     | Entered Level 10 of the Dungeon
  9853 | D:10     | Reached skill level 5 in Invocations
  9976 | D:10     | Found a flagged portal.
  9984 | D:10     | Noticed a two-headed ogre
  9990 | D:10     | Killed a two-headed ogre
 10000 | Bailey   | Entered a bailey
 10059 | Bailey   | Noticed a two-headed ogre
 10104 | Bailey   | Reached ****** piety under Cheibriados
 10105 | Bailey   | Reached skill level 5 in Dodging
 10200 | Bailey   | Killed a two-headed ogre
 10298 | Bailey   | Identified the +7 long sword of Ihemuw Buso {holy, rPois
                  | rF+ Will+}
 10553 | D:10     | Noticed Harold
 10820 | D:10     | Noticed a two-headed ogre
 10826 | D:10     | Killed a two-headed ogre
 11264 | Lair:1   | Entered Level 1 of the Lair of Beasts
 11410 | Lair:1   | Reached XP level 12. HP: 60/74 MP: 18/19
 11413 | Lair:1   | Reached skill level 5 in Evocations
 11619 | Lair:1   | Reached skill level 5 in Fighting
 12146 | Lair:2   | Noticed a four-headed hydra
 12386 | Lair:1   | HP: 3/79 [poisoned by a cane toad]
 12986 | Lair:2   | Found a staircase to the Swamp.
 12986 | Lair:2   | You fall into a shaft and drop 1 floor!
 13112 | Lair:3   | Reached skill level 5 in Poison Magic
 13174 | Lair:3   | Noticed a boulder beetle
 13186 | Lair:3   | Killed a boulder beetle
 13244 | Lair:2   | Killed a four-headed hydra
 13276 | Lair:2   | Reached XP level 13. HP: 62/83 MP: 20/20
 13400 | Lair:2   | Found a staircase to the Snake Pit.
 14387 | Lair:4   | Reached skill level 15 in Ranged Weapons
 14723 | Lair:5   | Entered Level 5 of the Lair of Beasts
 14913 | Lair:4   | Reached skill level 10 in Invocations
 15161 | Lair:4   | Noticed Urug
 15171 | Lair:4   | Killed Urug
 16037 | Lair:5   | Found a staircase to the Slime Pits.
 16037 | Lair:5   | Found a viscous altar of Jiyva.
 16130 | Lair:5   | Reached XP level 14. HP: 87/92 MP: 21/21
 17000 | D:11     | Identified a scroll of acquirement
 17001 | D:11     | Acquired the ring of Xom's Whim {Wiz rElec Str-5 Int+5
                  | Dex+2}
 17010 | D:11     | Learned a level 5 spell: Summon Forest
 17017 | D:11     | Learned a level 6 spell: Summon Cactus Giant
 17238 | D:12     | Found a frozen archway.
 17367 | IceCv    | Entered an ice cave
 17578 | IceCv    | Found a transporter.
 17590 | IceCv    | Found a transporter.
 17626 | D:12     | Identified the +0 dagger of Bodily Humours {flame, *Slow
                  | Fly rF+ rC+}
 17666 | D:12     | Reached skill level 5 in Summonings
 17680 | D:12     | Found a staircase to the Orcish Mines.
 17684 | D:12     | Identified the +1 orcbow of the Two Names {freeze, Str-3
                  | SInv Stlth+}
 18430 | D:12     | Found a sparkling altar of Nemelex Xobeh.
 18724 | Orc:1    | Entered Level 1 of the Orcish Mines
 19258 | Orc:2    | Entered Level 2 of the Orcish Mines
 19258 | Orc:2    | Found a staircase to the Elven Halls.
 20416 | Orc:2    | Reached XP level 15. HP: 75/101 MP: 22/22
 20583 | Orc:2    | Found Evo Bus's Antique Armour Shoppe.
 20588 | Orc:2    | Found Jiudess's Assorted Antiques.
 20595 | Orc:2    | Found Fiutz's Antique Weapon Shop.
 20597 | Orc:2    | Found Gaocumia's Book Shoppe.
 20607 | Orc:2    | Bought the Disquisition on the Filthy Boulder for 576 gold
                  | pieces
 20607 | Orc:2    | Bought an Everburning Encyclopedia for 432 gold pieces
 20612 | Orc:2    | Learned a level 4 spell: Olgreb's Toxic Radiance
 20727 | D:13     | Noticed Rupert
 20736 | D:13     | Killed Rupert
 20970 | D:13     | Found a burning altar of Makhleb.
 21211 | D:13     | You fall into a shaft and drop 2 floors!
 21211 | D:15     | Entered Level 15 of the Dungeon
 21220 | D:14     | Noticed Josephine
 21225 | D:14     | Killed Josephine
 21343 | D:14     | Found Ceitocit's General Store.
 21455 | D:14     | Noticed Lodul
 21623 | D:14     | Killed Lodul
 21633 | D:14     | Learned a level 3 spell: Ignite Poison
 21776 | D:14     | Reached skill level 10 in Poison Magic
 21818 | D:14     | Found a portal to a secret trove of treasure.
 22450 | D:13     | Found a gate to the Vaults.
 23296 | D:15     | Found Tor Daimu's Assorted Antiques.
 23609 | D:15     | Found a hide-covered altar of Uskayaw.
 23616 | D:15     | Reached XP level 16. HP: 76/108 MP: 10/25
 23883 | D:15     | Found a staircase to the Depths.
 24236 | D:10     | Killed Harold
 24370 | D:8      | Killed Amaemon
 24491 | D:8      | Killed Jeremiah
 24602 | D:7      | Killed Maggie
 24694 | D:6      | Killed kaesle's ghost
 24920 | D:15     | Bought a tourmaline ring for 150 gold pieces
 25470 | Lair:5   | Learned a level 4 spell: Dimensional Bullseye
 25826 | Lair:5   | Reached skill level 1 in Hexes
 25986 | Lair:5   | Identified the staff of Icvon {rPois rF+ rN+ Fire}
 26116 | Swamp:1  | Entered Level 1 of the Swamp
 26230 | Swamp:1  | Noticed a fenstrider witch
 26234 | Swamp:1  | Killed a fenstrider witch
 26890 | Swamp:1  | Noticed a tentacled monstrosity
 26898 | Swamp:1  | Killed a tentacled monstrosity
 27561 | Swamp:2  | Reached skill level 5 in Translocations
 27613 | Swamp:2  | Reached skill level 5 in Hexes
 27708 | Swamp:2  | Found a runed translucent door.
 27708 | Swamp:2  | Identified the +8 spear of Resourcefulness {heavy, Fly
                  | Str+2}
 27708 | Swamp:2  | Noticed Etwad's ghost (journeyman FeSu)
 27720 | Swamp:2  | Noticed a fenstrider witch
 27757 | Swamp:2  | Noticed Donald
 27763 | Swamp:2  | Donald changed into Donald the great orb of eyes
 27763 | Swamp:2  | Noticed Donald
 27774 | Swamp:2  | Killed Donald the great orb of eyes
 27909 | Swamp:2  | Reached XP level 17. HP: 113/113 MP: 27/27
 27968 | Swamp:2  | Learned a level 5 spell: Yara's Violent Unravelling
 28654 | Swamp:3  | Reached skill level 10 in Fighting
 29154 | Swamp:3  | Noticed a tentacled monstrosity
 29167 | Swamp:3  | Killed a tentacled monstrosity
 29599 | Swamp:4  | Entered Level 4 of the Swamp
 30396 | Swamp:4  | Reached skill level 10 in Dodging
 31248 | Swamp:4  | Got a decaying rune of Zot
 31398 | Swamp:4  | Reached XP level 18. HP: 120/120 MP: 28/28
 31633 | Snake:1  | Entered Level 1 of the Snake Pit
 31757 | Snake:1  | Noticed Frances
 31764 | Snake:1  | Killed Frances
 34350 | Snake:3  | Reached skill level 15 in Stealth
 34500 | Snake:3  | Found Heoloy's Specific Store.
 34522 | Snake:3  | Found Fusy's General Store.
 34526 | Snake:3  | Bought a scroll of revelation for 120 gold pieces
 34714 | Snake:3  | Reached skill level 10 in Evocations
 35374 | Snake:3  | Identified the +9 falchion of the Sage {pain, rF+ Int+2}
 35393 | Snake:4  | Entered Level 4 of the Snake Pit
 35416 | Snake:4  | Reached XP level 19. HP: 126/126 MP: 29/29
 35826 | Snake:4  | Identified the ring "Archoybbu" {rElec rPois Str+3 Int+3}
 36936 | Snake:4  | Noticed Vashnia
 36951 | Snake:4  | Killed Vashnia
 37385 | Snake:4  | Reached skill level 10 in Summonings
 37432 | Snake:4  | Got a serpentine rune of Zot
 37731 | Vaults:1 | Entered Level 1 of the Vaults
 38427 | Vaults:1 | Reached XP level 20. HP: 93/132 MP: 30/32
 38460 | Vaults:1 | Identified the +1 falchion "Kol Qilih" {holy, Str-5 Int+2
                  | Dex+6}
 38869 | Vaults:1 | Learned a level 7 spell: Monstrous Menagerie
 39383 | Vaults:1 | Reached skill level 10 in Spellcasting
 39635 | Vaults:1 | Found Xas Jeudd's Jewellery Boutique.
 39645 | Vaults:1 | Bought the ring "Fete" {rF- rN+++ rCorr Int+4 SInv} for
                  | 1000 gold pieces
 39871 | Vaults:2 | Found Yckacos's Book Emporium.
 39901 | Vaults:2 | Bought a book of Changes for 252 gold pieces
 39908 | Vaults:2 | Learned a level 5 spell: Irradiate
 41490 | Vaults:2 | Found Xoneamp's Weapon Shoppe.
 42317 | Vaults:3 | Reached XP level 21. HP: 142/142 MP: 33/36
 42371 | Vaults:3 | Paralysed by a formless jellyfish for 1 turns
 42576 | Vaults:3 | Noticed a bone dragon
 42589 | Vaults:3 | Killed a bone dragon
 42660 | Vaults:3 | Found a staircase to the Crypt.
 44936 | Vaults:4 | Found Lylookol's Assorted Antiques.
 45317 | Vaults:4 | Noticed Norris
 45326 | Vaults:4 | Killed Norris
 45903 | Vaults:4 | Reached skill level 1 in Transmutations
 47081 | Vaults:4 | Acquired 946 gold pieces
 47246 | Vaults:1 | Bought the necklace of Bloodlust {Fury *Rage Will++ Int-3
                  | Slay+6} for 906 gold pieces
 47246 | Vaults:1 | Found the necklace of Bloodlust {Fury *Rage Will++ Int-3
                  | Slay+6}
 47326 | Vaults:5 | Identified the "Bogepoat"
 47326 | Crypt:2  | Identified the "Latof"
 47326 | Depths:3 | Identified the "Faaroh"
 47326 | Elf:1    | Entered Level 1 of the Elven Halls
 47329 | Elf:1    | Reached XP level 22. HP: 154/154 MP: 38/38
 48140 | Elf:1    | Identified the +4 chain mail "Ihitwu" {rElec rC+ Will++
                  | Dex-5}
 48576 | Elf:1    | Noticed Agnes
 48579 | Elf:1    | Killed Agnes
 48775 | Elf:2    | Noticed Asterion
 48781 | Elf:2    | Killed Asterion
 48962 | Elf:2    | Noticed Azrael
 48971 | Elf:2    | Killed Azrael
 48993 | Elf:2    | Identified the amulet of Xeyluiv {Spirit rPois rCorr}
 49350 | Elf:2    | Found a runed translucent gate.
 49351 | Elf:2    | Found a runed translucent gate.
 49351 | Elf:2    | Found a runed translucent gate.
 49925 | Elf:3    | Entered Level 3 of the Elven Halls
 50393 | Elf:3    | Found an ancient bone altar of Kikubaaqudgha.
 50628 | Elf:3    | Reached skill level 15 in Spellcasting
 50758 | Elf:3    | Identified the ring "Joicsipem" {rPois rC+ Will+ Int-5
                  | Dex+5}
 50934 | Elf:3    | Identified the ring "Zinosucw" {Fly rF+ rC- Dex+6}
 51176 | Elf:3    | Identified the +8 battleaxe "Jellyslayer" {heavy, rElec
                  | MP+9 Str-3}
 51495 | Elf:3    | Found the +7 hand cannon "Mule" {flame, backblast, rF+}
 51504 | Elf:3    | Identified the staff of Forgeling's Anguish {rPois rF++
                  | rCorr Int-5 Dex+2 Poison}
 51684 | Elf:2    | Reached skill level 15 in Invocations
 51718 | Elf:2    | Noticed Saint Roka
 51731 | Elf:2    | Killed Saint Roka
 51835 | Elf:2    | Reached skill level 15 in Fighting
 52057 | Elf:2    | Reached XP level 23. HP: 162/162 MP: 42/42
 52330 | D:8      | Bought the +2 shield of Resistance {rF++ rC++ Will++} for
                  | 1903 gold pieces
 52330 | D:8      | Found the +2 shield of Resistance {rF++ rC++ Will++}
 52985 | Depths:1 | Entered Level 1 of the Depths
 52994 | Depths:1 | Reached skill level 1 in Shields
 53254 | Depths:1 | Noticed Mara
 53374 | Depths:1 | Noticed Nikola
 53380 | Depths:1 | Killed Nikola
 53392 | Depths:1 | Learned a level 7 spell: Enfeeble
 53535 | Depths:1 | Found Degecyf's Book Shop.
 53635 | Depths:1 | Found a gateway to Hell.
 53741 | Depths:1 | Found a one-way gateway to a ziggurat.
 53782 | Depths:1 | Identified the +1 rapier of Disembowelment {spect, Str+3}
 53892 | Depths:1 | Found a hazy altar of Hepliaklqana.
 53968 | Depths:1 | Killed Mara
 53969 | Depths:1 | Reached skill level 5 in Shields
 55597 | Depths:2 | Noticed a caustic shrike
 55606 | Depths:2 | Killed a caustic shrike
 55688 | Depths:2 | Noticed a caustic shrike
 55693 | Depths:2 | Killed a caustic shrike
 55873 | Depths:2 | Found a one-way gate leading to the halls of Pandemonium.
 56122 | Depths:3 | Identified the amulet of the Invisible Hand {Acrobat Fly
                  | rN+ Will+ Str-2}
 56191 | Depths:3 | Reached XP level 24. HP: 180/180 MP: 42/42
 56223 | Depths:3 | Reached skill level 10 in Shields
 56262 | Depths:3 | Identified the +0 hat of Happy Babbling {-Tele Harm Dex+4}
 56605 | Depths:3 | Noticed a royal mummy
 56616 | Depths:3 | Killed a royal mummy
 56952 | Depths:3 | Noticed a royal mummy
 57508 | Depths:3 | You are sucked into a shaft and drop 1 floor!
 57508 | Depths:4 | Entered Level 4 of the Depths
 57508 | Depths:4 | Found a gate to the Realm of Zot.
 58236 | Depths:3 | Killed a royal mummy
 59501 | Depths:1 | Learned a level 6 spell: Eringya's Noxious Bog
 59854 | Vaults:5 | Entered Level 5 of the Vaults
 59854 | Vaults:5 | Noticed a dread lich
 59976 | Crypt:1  | Entered Level 1 of the Crypt
 60349 | Crypt:1  | Noticed Jory
 60354 | Crypt:1  | Killed Jory
 60852 | Crypt:2  | Reached XP level 25. HP: 186/186 MP: 42/42
 61719 | Crypt:3  | Entered Level 3 of the Crypt
 61719 | Crypt:3  | Noticed Boris
 61725 | Crypt:2  | Killed Boris
 62102 | Crypt:3  | Noticed Grunn
 62111 | Crypt:3  | Killed Grunn
 62241 | Crypt:3  | Found a basalt altar of Yredelemnul.
 63005 | Crypt:3  | Identified the +1 executioner's axe of Karma {venom, rPois
                  | Str+4}
 63211 | Crypt:3  | Found the +8 demon blade "Leech" {evervamp, Harm Drain rN+}
 63227 | Crypt:3  | Identified the +7 arbalest of Figutt {freeze, rN+}
 63265 | Crypt:3  | Found a staircase to the Tomb.
 63265 | Crypt:3  | Noticed an ancient lich
 63289 | Crypt:3  | Killed an ancient lich
 63599 | Vaults:4 | Gained mutation: You are frail. (-10% HP) [a cacodemon]
 63600 | Vaults:4 | Killed a dread lich
 64259 | Vaults:4 | Learned a level 8 spell: Maxwell's Capacitive Coupling
 64322 | Vaults:4 | Reached skill level 1 in Air Magic
 64592 | Vaults:4 | Learned a level 7 spell: Malign Gateway
 64600 | Vaults:4 | Learned a level 6 spell: Dispersal
 64978 | Vaults:5 | Noticed a dread lich
 65444 | Vaults:5 | Identified the +4 flail of the Extremes {antimagic, rPois
                  | Str+2}
 65444 | Vaults:5 | Identified the +4 fire dragon scales of Dim Light {rF++ rC-
                  | Will++ Regen+}
 65550 | Vaults:5 | Reached XP level 26. HP: 173/173 MP: 44/44
 65671 | Vaults:5 | Identified the +7 triple sword "Kegh" {elec, rF+ rC+ Dex+3}
 65726 | Vaults:5 | Reached skill level 10 in Translocations
 65908 | Vaults:5 | Identified the +1 leather armour of the Wilderness {+Blink
                  | rN+ Dex+3}
 65930 | Vaults:5 | Killed a dread lich
 66289 | Vaults:5 | Noticed a dread lich
 66296 | Vaults:5 | Killed a dread lich
 66315 | Vaults:5 | Learned a level 8 spell: Maxwell's Capacitive Coupling
 66452 | Vaults:5 | Identified the +7 falchion "Roekouru" {pain, rF+ rC+ Int-2
                  | Dex+4}
 67074 | Vaults:5 | Got a silver rune of Zot
 67495 | D:14     | You paid a toll of 16 scrolls of teleportation to enter a
                  | treasure trove
 67496 | Trove    | Entered a treasure trove
 67503 | Trove    | Identified the ring of the Fortune-Teller {rF+ rC+ Will+
                  | Str+3 Dex+3}
 67510 | Trove    | Identified the ring "Huistrer" {+Blink EV+5 Str+3 Int-4
                  | Dex+3}
 67515 | Trove    | Identified the amulet of Wokhoef {rC- Regen+ Int+3 SInv}
 67517 | Trove    | Identified the ring of Freedom {rElec Will+ Int+6 Slay+2}
 67521 | Trove    | Identified the ring "Waj Ken" {rElec Will+ Int+5 Slay-4}
 67522 | Trove    | Identified the amulet of Etel Sag {Regen+ MP-9 Str+4 Int+8
                  | Slay-5}
 67526 | Trove    | Identified the ring of Diem {MP+9 Int+4}
 67769 | Zot:1    | Entered Level 1 of the Realm of Zot
 67785 | Zot:1    | Reached skill level 5 in Air Magic
 69195 | Zot:2    | Reached skill level 10 in Air Magic
 69749 | Zot:2    | Reached XP level 27. HP: 178/178 MP: 46/46
 70807 | Zot:3    | Lost mutation: You are frail. (-10% HP) [potion of
                  | mutation]
 70807 | Zot:3    | Gained mutation: You are frail. (-10% HP) [potion of
                  | mutation]
 71022 | Zot:3    | Noticed an orb of fire
 71034 | Zot:3    | Noticed Zeaxzic Paph's ghost (veteran OgBe)
 71212 | Zot:3    | Found a transporter.
 71215 | Zot:3    | Found a transporter.
 72599 | Slime:5  | Identified the "Uckuyr"
 72599 | Slime:5  | Identified the "Piej"
 72599 | Slime:5  | Identified the "Xeaph"
 72599 | Tomb:3   | Identified the "Jokagg"
 72599 | Tomb:3   | Identified the of Viohisuo
 72599 | Tar:7    | Identified the "Esaicuc"
 72599 | Tar:7    | Identified the of Wynu
 72599 | Tar:7    | Identified the "Binej"
 72599 | Zig:1    | Entered Level 1 of a ziggurat
 72635 | Zig:2    | Entered Level 2 of a ziggurat
 72635 | Zig:2    | Noticed Naulud Izada the pandemonium lord
 72645 | Zig:2    | Killed Naulud Izada the pandemonium lord
 72902 | Zig:3    | Identified the "Etedgh"
 72902 | Zig:3    | Entered Level 3 of a ziggurat
 72983 | Zig:4    | Entered Level 4 of a ziggurat
 73165 | Zot:5    | Entered Level 5 of the Realm of Zot
 73233 | Zot:5    | Found a bloodstained altar of Trog.
 73360 | Zot:5    | Found a glowing golden altar of the Shining One.
 74070 | Zot:5    | Noticed an orb of fire
 74075 | Zot:5    | Killed an orb of fire
 74126 | Zot:5    | Noticed an orb of fire
 74134 | Zot:5    | Killed an orb of fire
 74170 | Zot:5    | Noticed an orb of fire
 74177 | Zot:5    | Noticed an orb of fire
 74180 | Zot:5    | Killed an orb of fire
 74184 | Zot:5    | Gained mutation: You occasionally shout uncontrollably at
                  | your foes. [an orb of fire]
 74185 | Zot:5    | Killed an orb of fire
 74323 | Zot:5    | Noticed an orb of fire
 74327 | Zot:5    | Killed an orb of fire
 74347 | Zot:5    | Noticed an ancient lich
 74351 | Zot:5    | Killed an ancient lich
 74552 | Zot:5    | Noticed an orb of fire
 74557 | Zot:5    | Killed an orb of fire
 74610 | Zot:5    | Noticed an orb of fire
 74610 | Zot:5    | Noticed an orb of fire
 74611 | Zot:5    | Noticed an orb of fire
 74613 | Zot:5    | Noticed a dread lich
 74613 | Zot:5    | Noticed a dread lich
 74620 | Zot:5    | Noticed a dread lich
 74761 | Zot:5    | Killed an orb of fire
 74835 | Zot:5    | Noticed an orb of fire
 74848 | Zot:5    | Gained mutation: You frequently scream uncontrollably at
                  | your foes. [an orb of fire]
 74855 | Zot:5    | Gained mutation: You possess an exceptional clarity of
                  | mind. [an orb of fire]
 74856 | Zot:5    | Gained mutation: You are weak. (Str -2) [an orb of fire]
 75113 | Zot:5    | Killed an orb of fire
 75187 | Zot:5    | Gained mutation: You are very weak. (Str -4) [an orb of
                  | fire]
 75197 | Zot:5    | Killed an orb of fire
 75514 | Zot:5    | Killed a dread lich
 75567 | Zot:5    | Killed an orb of fire
 75837 | Zot:5    | Killed a dread lich
 76026 | Zot:5    | Killed a dread lich
 76029 | Zot:5    | Found the +4 dragonskin cloak
 76029 | Zot:5    | Noticed Tiamat
 76262 | Zot:5    | Killed Tiamat
 76710 | Zot:5    | Found a glowing golden altar of the Shining One.
 76954 | Zot:5    | Found a bloodstained altar of Trog.
 77738 | Snake:3  | Bought a potion of heal wounds for 105 gold pieces
 78238 | Zot:5    | Got the Orb of Zot
 78474 | Depths:4 | Noticed Liufujas the pandemonium lord
 78481 | Depths:4 | Killed Liufujas the pandemonium lord
 78567 | Depths:1 | Noticed a seraph
 78570 | Depths:1 | Identified the +0 tower shield "Nawkag" {rC+ Int+2}
 78580 | Depths:1 | Killed a seraph
 78759 | D:14     | Noticed Vaicues the pandemonium lord
 78772 | D:14     | Killed Vaicues the pandemonium lord
 79112 | D:$      | Escaped with the Orb!

Illustrated notes

Levels and vault maps discovered:
D:1:      dpeg_arrival_arbitrary_c, layout_basic
D:2:      layout_rooms
D:3:      layout_basic, portal_sewer_entry_f,
          shapermc_ecumenical_altar_hornbeckon
D:4:      layout_loops_ring, lemuel_round_altar, serial_glass, glass_columns_b,
          glass_columns_c, nicolae_shop_firing_range
D:5:      layout_rooms, minmay_temple_entry_proselytizer, ebering_ghost_sewer_d,
          st_stairs_6, uniq_menkaure, uniq_duvessa
D:6:      layout_basic, nicolae_vehumet_radiance, gammafunk_ghost_abyssal_escape
D:7:      layout_loops_ring, nicolae_overflow_quartered_altars, serial_demonic,
          serial_demonic_b, serial_demonic_c, serial_demonic_e,
          serial_demonic_b, hex_tiny, uniq_maggie
D:8:      layout_gridville, ebering_ghost_disaster_area, serial_shops,
          nicolae_shop_rolling_square, uniq_amaemon, uniq_erica, uniq_jeremiah
D:9:      layout_rooms, minmay_lair_entry_grove, minmay_misc_feat_cross,
          nicolae_stop_n_shop_2, kennysheep_diamond, hangedman_ranch
D:10:     layout_small_grid, enter_bailey_5, uniq_harold
D:11:     layout_basic
D:12:     layout_loops_ring, orc_david_3, portal_ice_cave_entry_pillars_2,
          drop_trap, nemelex_spade_bored_becter
D:13:     layout_rooms, hellmonk_vaults_keyhole, bloody_makhleb, uniq_rupert
D:14:     layout_cave_pods, serial_shops, shop, nicolae_trove_entry_isolated,
          uniq_josephine, uniq_lodul
D:15:     grunt_enter_depths_snipers, layout_loops_cross, serial_shops, shop,
          nicolae_uskayaw_murder_on_the_dancefloor, hangedman_aviary
Lair:1:   layout_small_grid, chequers_serial_rivers_micro_c,
          grunt_forest_large_clearing_hut
Lair:2:   layout_misc_corridors, swamp_mist, alex1729_snake_entry_snake,
          gauntlet_entry_generic, minivault_23, minivault_26,
          lemuel_fruit_fields, grunt_megastairs_4
Lair:3:   layout_roguey
Lair:4:   layout_cellular_growth, uniq_urug
Lair:5:   grunt_lair_end_beastmaster, layout_misc_corridors, slime_entry_1
Swamp:1:  layout_falls_marsh, evilmike_swamp_ruin_house_3
Swamp:2:  layout_falls_marsh, ebering_ghost_funeral_grove, serial_swamp_ruin,
          hangedman_swamp_ruin_wall, evilmike_swamp_ruin_rubble_1,
          evilmike_swamp_ruin_house_1, uniq_donald
Swamp:3:  layout_basic_swamp, infiniplex_staircase_pool, swamp_pool_1_2,
          nicolae_swamp_spriggan_camp
Swamp:4:  swamp, layout_basic_swamp, swamp_pool_3, nicolae_swamp_vermiculated
Snake:1:  layout_misc_corridors, hangedman_snake_pattern,
          nicolae_snake_gridmaze_swirls, uniq_frances
Snake:2:  layout_layer_cave, nicolae_snake_serpentine_hallways,
          nicolae_snake_gridmaze_waves, drop_trap,
          nicolae_snake_snakes_in_the_grass
Snake:3:  layout_misc_corridors, nicolae_snake_snake_lake,
          nicolae_specific_store
Snake:4:  minmay_snake_end_coiled, layout_layer_cave, serial_bayou_crossing,
          uniq_vashnia
Orc:1:    cheibrodos_orc_arena, layout_diamond_mine
Orc:2:    st_orc_elflike, layout_caves, basic_altar
Elf:1:    layout_loops_corners, special_room [special_room_orc],
          evilmike_minifort, uniq_agnes
Elf:2:    nicolae_elf_blades_crystal_corner, layout_loops_corners,
          uniq_asterion, uniq_azrael, uniq_saint_roka
Elf:3:    grunt_elf_hall_asides, layout_loops_ring, basic_altar
Vaults:1: v_misc_9, nicolae_vaults_mini_display_case, v_pattern_5,
          hangedman_vaults_cutoff, nicolae_vaults_trapezoid_2, v_misc_19,
          hangedman_vaults_corner_blocks, dpeg_vaults_monster_box,
          nicolae_vaults_yaktaur_gun_rack, layout_vaults_big_room, serial_glass,
          serial_shops, nicolae_shop_gaudy_bauble
Vaults:2: ontoclasm_vaults_ring_square, nicolae_vaults_circle_grid_a,
          vaults_room_ringed_pool, nicolae_vaults_closet_pinwheel_5, v_misc_16,
          nicolae_vaults_little_guard_posts, nicolae_vaults_tetromino_Z_2,
          nicolae_vaults_diagonal_hallway_8, ontoclasm_vaults_chip,
          nicolae_vaults_specimen_jars, ontoclasm_vaults_loading_screen,
          nicolae_vaults_asterisk, nicolae_vaults_mitosis, v_pattern_1,
          nicolae_vaults_taking_the_gang_shopping, layout_vaults_omnibox,
          serial_shops, nicolae_shop_statue_plus
Vaults:3: v_rooms_2, nicolae_vaults_network_square, grunt_vaults_hallway_long,
          nicolae_vaults_variable_pillar_hall, v_rooms_6,
          nicolae_vaults_twisting_passages, nicolae_vaults_little_squares_6,
          vaults_mumra_lcd, v_misc_2, nicolae_vaults_network_periphery,
          nicolae_vaults_little_squares_5, vaults_dpeg_encased_lava,
          vaults_room_stairs_pillars, nicolae_vaults_little_squares_2,
          layout_vaults_big_cross, minmay_crypt_entry_nasty_monster
Vaults:4: ontoclasm_vaults_ligature, nicolae_vaults_tetromino_Z_2,
          hangedman_vaults_variations, hangedman_vaults_locks,
          nicolae_vaults_triangles, nicolae_vaults_sesquioval_fish, st_diamondy,
          v_misc_29, v_pattern_4, vaults_dpeg_diagonal,
          nicolae_vaults_angled_halls, nicolae_vaults_cochlea,
          layout_vaults_ring, serial_shops, shop, uniq_norris
Vaults:5
Crypt:1:  layout_chaotic_city, serial_sigils_hangedman_shear, uniq_jory
Crypt:2:  layout_basic, lemuel_elevator
Crypt:3:  grunt_crypt_end_deaths_head, uniq_grunn, uniq_boris
Depths:1: layout_roguey, enter_ziggurat_d, serial_shops,
          nicolae_book_shop_shelving, pf_hell_entry_tar_spiral,
          serial_bayou_pond_e, grunt_ministairs_15,
          nicolae_hepliaklqana_hazy_memory, serial_bayou_shore_b,
          grunt_megastairs_3, infiniplex_staircase_pool_lava, uniq_nikola,
          uniq_mara
Depths:2: minmay_two_paths, layout_cave_shapes,
          amcnicky_mini_rare_corridor_liquid, rand_demon_pan_entry_9,
          hell_entry, nicolae_fountain_basement, uniq_josephina
Depths:3: ragdoll_tomb_raider, layout_gridlike, hellmouth_3, abyss_entry,
          rand_demon_pan_entry_3, serial_bayou_pond_e
Depths:4: evilmike_zot_entry_argh, layout_small_grid, hell_entry,
          hangedman_decor_growths
Zot:1:    layout_concentric_octagons
Zot:2:    layout_gridlike
Zot:3:    layout_basic, nzn_ghost_randoct, grunt_ministairs_7,
          grunt_megastairs_5
Zot:4:    layout_misc_corridors
Zot:5:    layout_basic, hangedman_feature_mirror, grunt_ministairs_13,
          uniq_tiamat

Skill      XL: |  1  2  3  4  5  6  7  8  9 10 11 12 13 14 15 16 17 18 19 20 21 22 23 24 25 26 27 |
---------------+----------------------------------------------------------------------------------+-----
Summonings     | 2 3 8 11 13 | 13.0
Spellcasting   | 5 6 7 8 11 12 15 17 19 22 | 22.0
Fighting       | 1 4 6 7 9 10 11 14 15 18 19 22 | 22.4
Poison Magic   | 1 4 7 10 | 10.0
Ranged Weapons | 5 8 9 11 12 14 16 17 18 19 20 | 20.0
Stealth        | 4 10 12 13 14 16 17 19 | 19.1
Evocations     | 3 4 5 7 10 | 10.0
Invocations    | 3 7 10 11 12 13 15 | 15.0
Dodging        | 5 7 10 14 | 14.7
Hexes          | 5 7 8 |  8.0
Translocations | 5 9 10 | 10.0
Transmutations | 4 |  4.4
Conjurations   | 4 |  4.6
Shields        | 9 12 | 12.2
Air Magic      | 2 11 13 | 13.9

Action                     |  1- 3 |  4- 6 |  7- 9 | 10-12 | 13-15 | 16-18 | 19-21 | 22-24 | 25-27 || total
---------------------------+-------+-------+-------+-------+-------+-------+-------+-------+-------++-------
  Melee: Dagger            |     8 |       |       |       |       |       |       |       |       ||     8
         Short sword       |    54 |    56 |       |       |       |       |       |       |       ||   110
         Constrict         |    18 |    10 |       |       |       |       |       |       |       ||    28
         Tentacles         |    12 |     3 |       |     1 |     1 |       |       |       |       ||    17
         Punch             |     1 |       |       |       |       |       |       |       |       ||     1
         Rapier            |       |       |     1 |       |       |       |       |       |       ||     1
         Longbow           |       |       |       |     2 |     1 |       |       |       |       ||     3
   Fire: Orcbow            |       |    32 |   246 |    20 |    35 |       |       |       |       ||   333
         Longbow           |       |       |       |   449 |   819 |  1116 |  1196 |   349 |       ||  3929
         Hand cannon       |       |       |       |       |       |       |       |   799 |  1512 ||  2311
  Throw: Dart              |       |       |       |       |     1 |     2 |     1 |     2 |       ||     6
   Cast: Magic Dart        |     4 |    16 |     1 |       |       |       |       |       |       ||    21
         Mephitic Cloud    |       |     3 |    13 |    12 |    16 |     2 |       |       |       ||    46
         Call Imp          |       |     3 |    17 |     4 |     1 |       |       |       |       ||    25
         Cigotuvi's Dreadf |       |       |       |     1 |       |       |       |       |       ||     1
         Summon Cactus Gia |       |       |       |       |     5 |    12 |     6 |       |       ||    23
         Summon Forest     |       |       |       |       |     4 |    18 |     9 |     2 |     6 ||    39
         Olgreb's Toxic Ra |       |       |       |       |    22 |    31 |   114 |    42 |       ||   209
         Ignite Poison     |       |       |       |       |     6 |     8 |    19 |    15 |       ||    48
         Dimensional Bulls |       |       |       |       |       |     7 |     1 |    11 |     9 ||    28
         Yara's Violent Un |       |       |       |       |       |     3 |     6 |    17 |     1 ||    27
         Monstrous Menager |       |       |       |       |       |       |    14 |    48 |     8 ||    70
         Irradiate         |       |       |       |       |       |       |       |     3 |    25 ||    28
         Blink             |       |       |       |       |       |       |       |     1 |     6 ||     7
         Malign Gateway    |       |       |       |       |       |       |       |       |    12 ||    12
         Dispersal         |       |       |       |       |       |       |       |       |     3 ||     3
         Maxwell's Capacit |       |       |       |       |       |       |       |       |    33 ||    33
 Invoke: Bend Time         |       |       |       |     1 |       |       |       |       |       ||     1
         Slouch            |       |       |       |     2 |    11 |     6 |     8 |    19 |    17 ||    63
         Step From Time    |       |       |       |       |       |       |       |       |     6 ||     6
  Evoke: Wand              |       |       |     1 |     8 |       |     8 |     3 |    14 |     7 ||    41
    Use: Scroll            |     2 |     4 |     9 |    11 |    11 |    10 |     5 |     4 |    22 ||    78
         Potion            |       |       |       |       |     5 |     1 |     2 |     9 |    14 ||    31
   Stab: Sleeping          |     6 |    13 |       |       |       |       |       |       |       ||    19
 Armour: Skin              |    21 |    42 |   114 |   144 |   226 |   218 |   206 |   184 |   340 ||  1495
  Dodge: Dodged            |    47 |    41 |   137 |   215 |   227 |   218 |   240 |   236 |   655 ||  2016
  Block: Kite shield       |       |       |       |       |       |       |       |   166 |   654 ||   820

Table legend: (Time is in decaauts)
 A = Elapsed time spent in this place.
 B = Non-inter-level travel time spent in this place.
 C = Inter-level travel time spent in this place.
 D = Time resting spent in this place.
 E = Time spent auto-exploring this place.
 F = Levels seen in this place.
 G = Mean time per level.
                   A        B        C        D        E       F      G
               +--------+--------+--------+--------+--------+-----+--------+
         Total | 117956 | 100631 |  17325 |  11724 |  65774 |  58 | 2033.7 |
       Dungeon |  27649 |  22156 |   5493 |   1906 |  15183 |  15 | 1843.3 |
          Lair |  11506 |   9102 |   2404 |   1860 |   4673 |   5 | 2301.2 |
         Swamp |   7384 |   6821 |    563 |   1250 |   3815 |   4 | 1846.0 |
     Snake Pit |   9755 |   8643 |   1112 |    572 |   6195 |   4 | 2438.8 |
  Orcish Mines |   2832 |   2538 |    294 |    353 |   1354 |   2 | 1416.0 |
   Elven Halls |   7162 |   6739 |    423 |    860 |   4592 |   3 | 2387.3 |
        Vaults |  19027 |  15935 |   3092 |   1977 |  10720 |   5 | 3805.4 |
         Crypt |   5667 |   5348 |    319 |    103 |   4122 |   3 | 1889.0 |
        Depths |  11121 |   9067 |   2054 |    502 |   6236 |   4 | 2780.2 |
           Zot |  14160 |  12594 |   1566 |   1680 |   8732 |   5 | 2832.0 |
      Ziggurat |    468 |    468 |      0 |    244 |     98 |   4 |  117.0 |
         Trove |    101 |    101 |      0 |      0 |      0 |   1 |  101.0 |
         Sewer |    281 |    281 |      0 |     89 |     50 |   1 |  281.0 |
        Bailey |    583 |    583 |      0 |    166 |      0 |   1 |  583.0 |
      Ice Cave |    253 |    253 |      0 |    159 |      0 |   1 |  253.0 |
               +--------+--------+--------+--------+--------+-----+--------+

Top non-repeatable levels by time:
   Zot:5: 6017 daAuts
Vaults:4: 4303 daAuts
Vaults:3: 4172 daAuts
Vaults:2: 3818 daAuts
 Snake:4: 3453 daAuts
Vaults:5: 3452 daAuts
Depths:3: 3350 daAuts
Depths:1: 3339 daAuts
Vaults:1: 3279 daAuts
  Lair:4: 3096 daAuts
    D:15: 3017 daAuts
 Snake:2: 2765 daAuts
     D:8: 2641 daAuts
  Lair:2: 2601 daAuts
   Elf:2: 2566 daAuts
